 Dungeon Crawl Stone Soup version 0.28.0-45-g0d030f2227 (webtiles) character file.

Game seed: 2629338700385533749

125050 protoss039 the Blocker (level 16, -16/103 HPs)
             Began as a Gargoyle Fire Elementalist on Apr 24, 2022.
             Was the Champion of Vehumet.
             Killed from afar by Nikola (35 damage)
             ... with an arc of chain lightning
             ... on level 3 of the Spider Nest.
             The game lasted 01:52:41 (30200 turns).

protoss039 the Blocker (GrFE)                      Turns: 30200, Time: 01:52:42

Health: -16/103    AC: 30    Str: 16    XL:     16   Next: 94%
Magic:  2/32       EV: 11    Int: 26    God:    Vehumet [******]
Gold:   2213       SH: 15    Dex: 24    Spells: 13/39 levels left

rFire   + + +      SeeInvis .   p - staff of fire
rCold   + . .      Faith    .   l - +0 kite shield {rN+}
rNeg    + + +      Spirit   .   f - +3 leather armour {rC+ rF+}
rPois   ∞          Reflect  .   M - +0 helmet {Int+3}
rElec   +          Harm     .   j - +2 cloak
rCorr   .          Rampage  .   P - +2 pair of gloves {Dex+3}
Will    +....                   N - +0 pair of boots of Vivvaof {Str+3 Dex+5}
Stlth   ++........              o - amulet of regeneration
HPRegen 1.07/turn               Z - ring of the Final Decision {Fly rF+ rN+}
MPRegen 0.23/turn               G - +6 ring of dexterity

@: flying, very slightly contaminated
A: sickness immunity, AC +12, big wings, negative energy resistance 1,
electricity resistance, torment resistance 1, petrification resistance
a: Renounce Religion


You were on level 3 of the Spider Nest.
You worshipped Vehumet.
Vehumet was exalted by your worship.
You visited 5 branches of the dungeon, and saw 26 of its levels.
You also visited: Ossuary and Ice Cave.

You collected 3234 gold pieces.
You spent 1021 gold pieces at shops.

Inventory:

Hand Weapons
 c - a +1 hand axe of flaming
 v - the +10 war axe "Ocebb" {vamp, rC+ rN+ Int-5 SInv}
   (You found it on level 10 of the Dungeon)

   It occasionally heals its wielder for a portion of the damage dealt when it
   wounds a living foe.
   Int:       It affects your intelligence (-5).
   rC:        It protects you from cold.
   rN:        It protects you from negative energy.
   SInv:      It lets you see invisible.
Missiles
 g - 4 silver javelins (quivered)
 y - 6 throwing nets
Armour
 a - a +1 pair of gloves of strength
 d - a +0 ring mail of willpower
 f - a +3 leather armour of resistance (worn)
 j - a +2 cloak (worn)
 l - a +0 kite shield of positive energy (worn)
 M - a +0 helmet of intelligence (worn)
 N - the +0 pair of boots of Vivvaof (worn) {Str+3 Dex+5}
   (You bought it in a shop on level 9 of the Dungeon)

   Str:       It affects your strength (+3).
   Dex:       It affects your dexterity (+5).
 P - a +2 pair of gloves of dexterity (worn)
 Q - +0 acid dragon scales
Magical Staves
 p - a staff of fire (weapon)
Jewellery
 o - an amulet of regeneration (around neck)
 C - a ring of protection from fire
 G - a +6 ring of dexterity (right hand)
 J - a ring of wizardry
 Z - the ring of the Final Decision (left hand) {Fly rF+ rN+}
   (You found it in an ice cave)

   [ring of positive energy]

   rF:        It protects you from fire.
   rN:        It protects you from negative energy.
   Fly:       It grants you flight.
Wands
 u - a wand of digging (5)
 x - a wand of acid (13)
 B - a wand of iceblast (15)
Scrolls
 b - 2 scrolls of blinking
 e - 3 scrolls of magic mapping
 h - 2 scrolls of fog
 r - 2 scrolls of brand weapon
 w - 5 scrolls of enchant weapon
 D - a scroll of fear
 E - 3 scrolls of summoning
 I - 5 scrolls of teleportation
 K - a scroll of holy word
Potions
 m - 2 potions of heal wounds
 n - 13 potions of curing
 q - 4 potions of invisibility
 s - 2 potions of brilliance
 z - a potion of resistance
 A - 3 potions of might
 H - 3 potions of lignification
 L - 2 potions of magic
 R - 2 potions of haste
 S - a potion of cancellation
 U - a potion of mutation
 V - a potion of ambrosia
Miscellaneous
 T - a condenser vane
 W - a phial of floods (inert)


   Skills:
 + Level 12.4 Fighting
 - Level 3.0 Axes
 - Level 14.0 Armour
 - Level 1.6 Dodging
 - Level 2.2 Stealth
 - Level 14.0 Shields
 * Level 12.2 Spellcasting
 - Level 12.0 Conjurations
 - Level 6.0 Transmutations
 + Level 8.9 Fire Magic
 + Level 9.3 Earth Magic


You had 13 spell levels left.
You knew the following spells:

 Your Spells              Type           Power      Damage    Failure   Level
b - Fireball              Conj/Fire      40%        3d16      1%          5
d - Stone Arrow           Conj/Erth      100%       3d13      1%          3
e - Passwall              Tmut/Erth      44%        N/A       1%          2
f - Static Discharge      Conj/Air       47%        N/A       1%          2
g - Inner Flame           Hex/Fire       56%        N/A       1%          3
h - Irradiate             Conj/Tmut      29%        3d23      1%          5
i - Iron Shot             Conj/Erth      31%        9d6       4%          6

Your spell library contained the following spells:

 Spells                   Type           Power      Damage    Failure   Level
 Lee's Rapid Deconstruct  Erth           29%        3d16*     1%          5
 Foxfire                  Conj/Fire      100%       2x1d9     1%          1
 Sandblast                Erth           100%       2d20      1%          1
 Scorch                   Fire           100%       2d10      1%          2
 Conjure Flame            Conj/Fire      81%        6-21      1%          3
 Flame Wave               Conj/Fire      81%        2d14      1%          4
 Hailstorm                Conj/Ice       47%        3d11      1%          4
 Sticky Flame             Conj/Fire      81%        2d9       1%          4
 Freeze                   Ice            60%        1d8       2%          1
 Frozen Ramparts          Ice            30%        1d5       7%          3
 Animate Skeleton         Necr           30%        N/A       8%          1
 Apportation              Tloc           30%        N/A       8%          1
 Summon Small Mammal      Summ           60%        N/A       8%          1
 Animate Armour           Summ/Erth      80%        N/A       12%         4
 Yara's Violent Unravell  Hex/Tmut       15%        3d8       17%         5
 Ice Form                 Ice/Tmut       31%        N/A       22%         4
 Tukima's Dance           Hex            15%        N/A       24%         3
 Dispel Undead            Necr           15%        3d10      61%         4
 Passage of Golubria      Tloc           15%        N/A       61%         4
 Summon Ice Beast         Ice/Summ       15%        N/A       61%         4
 Lehudib's Crystal Spear  Conj/Erth      31%        10d8      82%         8
 Summon Cactus Giant      Summ           7%         N/A       100%        6


Dungeon Overview and Level Annotations

Branches:
Dungeon (14/15)            Temple (1/1) D:6            Lair (6/6) D:11
 Shoals (0/4) Lair:3       Spider (3/4) Lair:2        Slime (0/5) Lair:5
    Orc (2/2) D:12            Elf (0/3) Orc:2        Vaults (0/5) D:14
Ossuary (visited)           IceCv (visited)

Altars:
Ashenzari
Cheibriados
Dithmenos
Elyvilon
Fedhas
Gozag
Hepliaklqana
Kikubaaqudgha
Makhleb
Nemelex Xobeh
Okawaru
Qazlal
Ru
Sif Muna
Trog
Uskayaw
Vehumet
Wu Jian
Xom
Yredelemnul
Zin
The Shining One
Beogh
Jiyva

Shops:
D:4 [(*   D:5 *   D:9 ?[*[   Orc:1 :   Orc:2 (!=[

Annotations:
D:13 2 transporters, exclusion: obsidian statue, NiggerDarts's ghost, journeyman HuFi
D:14 Frances
Lair:5 1 runed translucent door
Spider:3 Nikola


Innate Abilities, Weirdness & Mutations

You are immune to sickness and miasma.
Your stone body is resilient. (AC +12)
You are immune to poison.
Your large and strong wings let you fly.
You resist negative energy. (rN+)
You are resistant to electric shocks. (rElec)
You are resistant to unholy torment.
You are immune to petrification.


Message History

Casting: Iron Shot (dangerous; 4% risk of failure)
Confirm with . or Enter, or press ? or * to list all spells.
Aiming: Iron Shot (dangerous; 4% risk of failure)
Press: ? - help, Shift-Dir - straight line, f - you, p - Nikola
Okay, then.
Nikola mumbles some strange words.
Lightning arcs from Nikola's hands!
The bolt of lightning hits you!! You resist.
You hear an angry hiss. x4
Unknown command.
Unknown command.
Nikola gestures wildly while chanting.
Lightning arcs from Nikola's hands!
The bolt of lightning hits you!!! You resist.
A bolt of lightning appears from out of thin air!
The bolt of lightning hits Nikola!
You hear a shout!
Unknown command.
Unknown command.
Unknown command.
Casting: Iron Shot (dangerous; 4% risk of failure)
Confirm with . or Enter, or press ? or * to list all spells.
Aiming: Iron Shot (dangerous; 4% risk of failure)
Press: ? - help, Shift-Dir - straight line, f/p - Nikola
Aim: Nikola, wielding a +0 rapier of electrocution, wearing a +0 cloak and wearing a +0 pair of gloves (heavily wounded, 77% to hit)
The iron shot hits Nikola!!!
Nikola is severely wounded.
You hear an angry hiss.
Nikola casts a spell.
Lightning arcs from Nikola's hands!
The bolt of lightning hits you!! You resist.
* * * LOW HITPOINT WARNING * * *
A bolt of lightning appears from out of thin air!
The bolt of lightning hits Nikola!
You hear an angry hiss. x2
Unknown command.
Nikola gestures wildly while chanting.
Lightning arcs from Nikola's hands!
The bolt of lightning hits you!! You resist.
You die...

##.#.#.#.....#....
#.#.#.#.#.#.##....
#..#...#^.#.....^.
#.#.#.#.#..#..##.°
###.#.#^#......#.
##.##.#.#...#...^.[#
#####...^#........s..#.#
#.....#..#@.....#.#.....
#.....#@[#....#...^#.##.
##.#..#.†.#.#.##^#.#...
##..##..#^.....#.....#.
#####@.#.#.^..[..###^
##....?###..##
##..#.####...
.#####.^^...# ...
...^.##.#s..# ##
...#..#.#...#


You could see Nikola.

Vanquished Creatures
  A lich (IceCv)
  An emperor scorpion (Spider:2)
  A ghost moth (Spider:2)
  A very ugly thing (IceCv)
  5 entropy weavers
  A spark wasp (Spider:1)
  Snorg (Lair:3)
  7 hydras
  A jorogumo (Spider:3)
  2 caustic shrike simulacra (IceCv)
  4 catoblepae
  6 centaur warriors
  Erica (D:10)
  8 boulder beetles
  2 radroaches
  A death scarab (Spider:2)
  5 two-headed ogres
  13 death yaks
  2 orc high priests
  Nergalle (Lair:1)
  3 pharaoh ants
  A steelbarb worm (Spider:1)
  2 bog bodies (IceCv)
  4 orb spiders
  A spriggan simulacrum (IceCv)
  An obsidian statue (IceCv)
  A necromancer (IceCv)
  A deep elf zephyrmancer (D:14)
  6 orc sorcerers
  11 wolf spiders
  4 cyclopes
  6 ugly things
  5 manticores
  2 moths of wrath
  8 elephants
  6 black mambas
  4 torpor snails
  Maggie (D:7)
  A gargoyle (D:12)
  13 cane toads
  2 demonic crawlers
  An unseen horror (D:13)
  An entropy weaver simulacrum (IceCv)
  Psyche (D:12)
  15 rime drakes
  13 freezing wraiths (IceCv)
  3 anaconda simulacra (IceCv)
  A kobold demonologist (D:14)
  5 komodo dragons
  4 ice devils (IceCv)
  3 polar bears
  4 trolls
  14 tarantellas
  A hornet (D:8)
  4 slime creatures (D:12)
  20 blink frogs
  A spriggan (Lair:5)
  A vampire (D:12)
  5 dire elephant simulacra (IceCv)
  3 wraiths
  13 jumping spiders
  45 yaks
  9 culicivoras
  9 basilisks
  7 wyverns
  13 humans (D:14)
  6 vampire mosquitoes
  17 redbacks
  6 harpy simulacra (IceCv)
  8 steam dragons (Lair:2)
  3 wargs
  5 acid dragons
  2 hydra simulacra (IceCv)
  19 water moccasins
  A sky beast (D:5)
  A hornet zombie (D:9)
  2 ice beasts
  4 ettin simulacra (IceCv)
  A necrophage (D:5)
  4 ogres
  22 orc warriors
  5 black bears
  3 alligator simulacra (IceCv)
  16 centaurs
  6 wolves
  7 kobold brigands
  4 elf zombies (Ossuary)
  9 bullfrogs
  11 scorpions
  A water moccasin zombie (D:5)
  6 wights
  13 killer bees
  A lindwurm simulacrum (IceCv)
  13 electric eels
  A howler monkey (D:9)
  2 jellies
  7 centaur zombies
  A bullfrog skeleton (D:5)
  2 centaur skeletons
  4 hounds
  17 orc priests
  4 iguanas
  30 orc wizards
  A hound zombie (Ossuary)
  A hound skeleton (D:4)
  3 mummies (Ossuary)
  2 howler monkey zombies
  A howler monkey skeleton (D:7)
  8 adders
  3 shadow imps
  2 white imps
  2 ufetubi
  5 adder zombies (Ossuary)
  An adder skeleton (D:4)
  2 worms
  3 dart slugs
  68 orcs
  7 bats
  7 endoplasms
  6 giant cockroaches
  3 hobgoblins
  7 jackals
  3 quokkas
  6 ball pythons
  A frilled lizard (D:2)
  6 goblins
  3 goblin zombies (Ossuary)
  5 hobgoblin zombies (Ossuary)
  7 jackal zombies (Ossuary)
  32 kobolds
  A kobold zombie (Ossuary)
  5 orc zombies (Ossuary)
  A quokka zombie (Ossuary)
  5 rats
  4 rat zombies (Ossuary)
818 creatures vanquished.

Vanquished Creatures (collateral kills)
  A kobold (D:7)
  7 foxfires
8 creatures vanquished.

Vanquished Creatures (others)
  A blink frog (Lair:2)
  A redback (Spider:3)
  An orc wizard (Orc:2)
  2 orcs (D:12)
  548 foxfires
  20 fungi
  105 plants
678 creatures vanquished.

Grand Total: 1504 creatures vanquished

Notes
Turn   | Place    | Note
-------+----------+-------------------------------------------
     0 | D:1      | protoss039 the Gargoyle Fire Elementalist began the quest
                  | for the Orb.
     0 | D:1      | Reached XP level 1. HP: 10/10 MP: 3/3
   246 | D:1      | Reached XP level 2. HP: 15/15 MP: 5/5
   781 | D:1      | Found a hazy altar of Hepliaklqana.
   927 | D:2      | Learned a level 2 spell: Scorch
   941 | D:2      | Reached XP level 3. HP: 11/19 MP: 6/6
  1550 | D:2      | Reached XP level 4. HP: 24/24 MP: 0/8
  2100 | D:2      | Learned a level 1 spell: Sandblast
  2570 | D:3      | Noticed an ogre
  2677 | D:3      | Reached skill level 1 in Earth Magic
  2681 | D:3      | Found a burning altar of Makhleb.
  2735 | D:3      | Reached XP level 5. HP: 28/28 MP: 2/9
  2810 | D:3      | Found a faded altar of an unknown god.
  2845 | D:3      | Killed an ogre
  2846 | D:3      | Reached skill level 1 in Fighting
  3050 | D:3      | Noticed an ice beast
  3057 | D:3      | Killed an ice beast
  3058 | D:3      | Reached XP level 6. HP: 35/35 MP: 2/11
  3060 | D:3      | Identified the +10 whip "Kosoac" {flame, rF- rN+ SInv}
  3433 | D:4      | Reached XP level 7. HP: 40/40 MP: 12/12
  3444 | D:4      | Found Qetsydit's General Store.
  3508 | D:4      | Learned a level 2 spell: Passwall
  3533 | D:4      | Found Fuwnoc's Weapon Boutique.
  3553 | D:4      | Found a bloodstained altar of Trog.
  3553 | D:4      | Found a blossoming altar of Fedhas.
  3728 | D:4      | Found Toirhic's Armour Shoppe.
  4079 | D:4      | Learned a level 3 spell: Stone Arrow
  4080 | D:5      | Entered Level 5 of the Dungeon
  4146 | D:5      | Reached skill level 1 in Armour
  4255 | D:5      | Found Patill Myck's Assorted Antiques.
  4415 | D:5      | Reached skill level 1 in Transmutations
  4415 | D:5      | Reached XP level 8. HP: 48/48 MP: 6/14
  5296 | D:6      | Found a staircase to the Ecumenical Temple.
  5319 | Temple   | Entered the Ecumenical Temple
  5479 | Temple   | Became a worshipper of Vehumet
  5678 | D:6      | Reached skill level 5 in Fire Magic
  5682 | D:6      | Reached skill level 5 in Fighting
  6130 | D:5      | Reached XP level 9. HP: 54/54 MP: 0/16
  6542 | D:6      | Reached skill level 5 in Spellcasting
  6949 | D:6      | Learned a level 2 spell: Static Discharge
  6953 | D:6      | Learned a level 3 spell: Inner Flame
  6977 | D:7      | Reached skill level 5 in Conjurations
  6984 | D:7      | Reached skill level 5 in Earth Magic
  7209 | D:7      | Found a sand-covered staircase.
  7209 | D:7      | Noticed Maggie
  7226 | D:7      | Killed Maggie
  7242 | Ossuary  | Entered an ossuary
  7364 | Ossuary  | Reached * piety under Vehumet
  7364 | Ossuary  | Offered knowledge of Freeze by Vehumet.
  7607 | Ossuary  | Reached ** piety under Vehumet
  7615 | Ossuary  | Offered knowledge of Magic Dart by Vehumet.
  8565 | D:7      | Identified 2 scrolls of acquirement
  8565 | D:7      | Acquired a +0 kite shield of positive energy
  8567 | D:7      | Acquired a staff of fire
  8598 | D:8      | Noticed a hornet
  8602 | D:8      | Killed a hornet
  8603 | D:8      | Reached XP level 10. HP: 60/60 MP: 6/20
  8865 | D:8      | Noticed a cyan ugly thing
  8914 | D:8      | Noticed a two-headed ogre
  8925 | D:8      | Killed a two-headed ogre
  9652 | D:8      | Found a stormy altar of Qazlal.
 10085 | D:8      | Killed a cyan ugly thing
 10133 | D:9      | Found Hoamp's Assorted Antiques.
 10142 | D:9      | Noticed a catoblepas
 10142 | D:9      | Noticed a two-headed ogre
 10151 | D:9      | Killed a catoblepas
 10152 | D:9      | Reached skill level 10 in Spellcasting
 10166 | D:9      | Killed a two-headed ogre
 10167 | D:9      | Reached XP level 11. HP: 64/64 MP: 1/25
 10385 | D:9      | Noticed a cyan ugly thing
 10403 | D:9      | Killed a cyan ugly thing
 10591 | D:9      | Found Bukloz's Antique Armour Boutique.
 10630 | D:9      | Bought a pair of twisted boots for 256 gold pieces
 10630 | D:9      | Identified the +0 pair of boots of Vivvaof {Str+3 Dex+5}
                  | (You bought it in a shop on level 9 of the Dungeon)
 10658 | D:9      | Found Oruleis's Magic Scroll Boutique.
 10661 | D:9      | Bought a scroll of magic mapping for 45 gold pieces
 10661 | D:9      | Bought a scroll of fear for 45 gold pieces
 10661 | D:9      | Bought a scroll of teleportation for 39 gold pieces
 10661 | D:9      | Bought a scroll of amnesia for 45 gold pieces
 10673 | D:9      | Found a sparkling altar of Nemelex Xobeh.
 10674 | D:9      | Found a white marble altar of Elyvilon.
 10674 | D:9      | Noticed a two-headed ogre
 10678 | D:9      | Killed a two-headed ogre
 10969 | D:9      | Offered knowledge of Searing Ray by Vehumet.
 11136 | D:9      | Found an ornate altar of the Wu Jian Council.
 11299 | D:9      | Found Bise's Antique Armour Shop.
 11339 | D:9      | Bought a scroll labelled MOFETE HUGUMEM for 32 gold pieces
 11377 | D:9      | Bought a scroll of identify for 26 gold pieces
 11377 | D:9      | Bought a scroll of identify for 26 gold pieces
 11389 | D:10     | Entered Level 10 of the Dungeon
 11448 | D:10     | Reached skill level 1 in Shields
 11450 | D:10     | Identified the +10 war axe "Ocebb" {vamp, rC+ rN+ Int-5
                  | SInv}
 11876 | D:10     | Noticed a red ugly thing
 11889 | D:10     | Killed a red ugly thing
 11950 | D:10     | Noticed a two-headed ogre
 11956 | D:10     | Killed a two-headed ogre
 12118 | D:10     | Noticed Erica
 12124 | D:10     | Killed Erica
 12367 | D:11     | Reached *** piety under Vehumet
 12391 | D:11     | Reached skill level 1 in Axes
 12537 | D:11     | Noticed a boulder beetle
 12554 | D:11     | Killed a boulder beetle
 12687 | D:11     | Found a staircase to the Lair.
 12702 | D:11     | Offered knowledge of Dazzling Flash by Vehumet.
 12769 | D:11     | Reached XP level 12. HP: 55/71 MP: 28/28
 12825 | D:11     | Noticed a boulder beetle
 13077 | D:11     | Reached skill level 5 in Shields
 13124 | D:11     | Killed a boulder beetle
 13502 | D:12     | Noticed Psyche
 13509 | D:12     | Killed Psyche
 13629 | D:12     | Reached skill level 5 in Armour
 13723 | D:12     | Reached **** piety under Vehumet
 13760 | D:12     | Found a staircase to the Orcish Mines.
 13763 | D:12     | Offered knowledge of Irradiate by Vehumet.
 13846 | D:12     | Noticed a boulder beetle
 13855 | D:12     | Learned a level 5 spell: Irradiate
 13873 | D:12     | Killed a boulder beetle
 14140 | D:12     | You fall into a shaft and drop 2 floors!
 14147 | D:14     | Noticed Frances
 14169 | D:14     | Noticed a centaur warrior
 14338 | D:13     | Noticed a centaur warrior
 14346 | D:13     | Noticed NiggerDarts's ghost (journeyman HuFi)
 14346 | D:13     | Noticed a deep elf knight
 14346 | D:13     | Noticed a fire dragon
 14445 | D:13     | Found a bloodstained altar of Trog.
 14568 | D:13     | Noticed a fire dragon
 14627 | D:13     | Noticed a tengu warrior
 14638 | D:13     | Found a transporter.
 14641 | D:13     | Found a transporter.
 14773 | D:13     | Noticed a centaur warrior
 14786 | D:13     | Killed a centaur warrior
 14976 | D:12     | Noticed a six-headed hydra
 14992 | D:12     | Killed a one-headed hydra
 15115 | D:12     | Identified the +0 ring mail of Lust {Drain Dex+3}
 15457 | D:13     | Noticed a boulder beetle
 15472 | D:13     | Killed a boulder beetle
 15473 | D:13     | Reached XP level 13. HP: 74/79 MP: 6/29
 16051 | D:14     | Identified the +5 quarterstaff of the Curious Scars {pain,
                  | rN+ Int+4 SInv}
 16154 | D:14     | Reached ***** piety under Vehumet
 16162 | D:14     | Offered knowledge of Iron Shot by Vehumet.
 16686 | D:14     | Found a gate to the Vaults.
 16911 | Lair:1   | Entered Level 1 of the Lair of Beasts
 16921 | D:11     | Learned a level 6 spell: Iron Shot
 17000 | Lair:1   | Reached skill level 5 in Transmutations
 17338 | Lair:1   | Noticed Nergalle
 17357 | Lair:1   | Killed Nergalle
 17723 | Lair:2   | Found a hole to the Spider Nest.
 17823 | Lair:2   | Gained mutation: Your large and strong wings let you fly.
                  | [Gargoyle growth]
 17823 | Lair:2   | Reached XP level 14. HP: 81/86 MP: 30/30
 18007 | Lair:2   | Offered knowledge of Eringya's Noxious Bog by Vehumet.
 18008 | Lair:2   | Reached skill level 10 in Conjurations
 18015 | Lair:2   | Reached skill level 10 in Armour
 18060 | Lair:2   | Reached skill level 10 in Shields
 18068 | Lair:2   | Reached skill level 10 in Fighting
 18773 | Lair:3   | Noticed Snorg
 18805 | Lair:3   | Found a staircase to the Shoals.
 18822 | Lair:3   | Killed Snorg
 19489 | Lair:4   | Acquired 770 gold pieces
 19881 | Lair:4   | Found a bloodstained altar of Trog.
 20105 | Lair:5   | Found a runed translucent door.
 20105 | Lair:5   | Found a viscous altar of Jiyva.
 20106 | Lair:5   | Found a staircase to the Slime Pits.
 20368 | Lair:5   | Offered knowledge of Conjure Ball Lightning by Vehumet.
 20377 | Lair:5   | Reached XP level 15. HP: 77/94 MP: 31/31
 21191 | D:4      | Bought a +0 helmet of intelligence for 126 gold pieces
 21389 | Lair:6   | Entered Level 6 of the Lair of Beasts
 23186 | D:4      | Bought 2 potions of heal wounds for 120 gold pieces
 23186 | D:4      | Bought a potion of curing for 36 gold pieces
 23213 | D:5      | Bought a scroll of blinking for 225 gold pieces
 23408 | Orc:1    | Entered Level 1 of the Orcish Mines
 23820 | Orc:1    | Found Mampaeguej's Book Shop.
 24429 | Orc:2    | Entered Level 2 of the Orcish Mines
 24771 | Orc:2    | Found Mopu's Antique Weapon Boutique.
 24771 | Orc:2    | Found Yxke's Jewellery Shop.
 24775 | Orc:2    | Found Giux's Armour Shop.
 24777 | Orc:2    | Found Rarchooss's Distillery.
 24859 | Orc:2    | Found a staircase to the Elven Halls.
 25652 | Spider:1 | Entered Level 1 of the Spider Nest
 25892 | Spider:1 | Offered knowledge of Fireball by Vehumet.
 25899 | Spider:1 | Learned a level 5 spell: Fireball
 26475 | Spider:1 | Reached XP level 16. HP: 91/101 MP: 22/32
 27512 | Spider:3 | Found a frozen archway.
 27628 | IceCv    | Entered an ice cave
 28066 | IceCv    | Found an ancient bone altar of Kikubaaqudgha.
 28221 | IceCv    | Noticed a lich
 28401 | IceCv    | Reached ****** piety under Vehumet
 28630 | IceCv    | Killed a lich
 28829 | IceCv    | Identified the ring of the Final Decision {Fly rF+ rN+}
 28839 | IceCv    | Identified the +4 falchion of Cheibriados's Pride {vorpal,
                  | Fly rElec Int+2}
 29674 | Spider:2 | Offered knowledge of Lee's Rapid Deconstruction by Vehumet.
 30182 | Spider:3 | Noticed Nikola
 30200 | Spider:3 | Killed from afar by Nikola

Illustrated notes

Levels and vault maps discovered:
D:1:      lightli_arrival_isolated_outpost, layout_basic, kennysheep_flooded_box
D:2:      layout_basic
D:3:      layout_basic, amcnicky_altar_gilded,
          shapermc_ecumenical_altar_mp_highgroup
D:4:      layout_basic, gammafunk_temple_overflow_elements, serial_shops, shop,
          shop, shop_statue, minmay_misc_feat_x
D:5:      layout_basic, serial_shops, nicolae_stop_n_shop_2, st_stairs_10
D:6:      layout_loops_cross, minmay_temple_entry_offerings,
          minmay_fractal_squares_diagonal_5
D:7:      layout_basic, nicolae_ossuary_entry_false_entrances, uniq_maggie
D:8:      layout_basic, mainiacjoe_overflow_alcove_4
D:9:      layout_roguey, kennysheep_mini_moat, mainiacjoe_overflow_divided_tiny,
          serial_shops, nicolae_square_shop, shop_statue,
          nicolae_shop_overgrown_old_shop, nicolae_shop_behind_doors,
          minmay_checkerbox
D:10:     layout_basic, minmay_quadrilaterals, uniq_erica
D:11:     hellmonk_warped_wall, layout_cave_pools, lair_entry_dummy,
          minmay_misc_feat_secret_circle, grunt_ministairs_11
D:12:     layout_basic, david_orc_5, serial_bayou, serial_bayou_pond_e,
          serial_bayou_pond_b, serial_bayou_ford_a, serial_bayou_shore_b,
          serial_bayou_lagoon_a, serial_bayou_pond_c, uniq_psyche
D:13:     kennysheep_big_flooded_room, layout_stronghold, nzn_ghost_randoct,
          trog_hazing_becter
D:14:     wander_river, layout_irregular_city, david_vaults_3, serial_glass,
          glass_columns_b, glass_columns_b, uniq_frances
Temple:   regret_index_temple_waves
Lair:1:   layout_chaotic_city, nicolae_quartered_pool_medium,
          nzn_sisyphean_effort, uniq_nergalle
Lair:2:   layout_hall_layers, nicolae_spider_entry_non_spiders,
          bobbens_dragon_lair_wall, lemuel_fruit_tree
Lair:3:   layout_roguey, elwin_shoals_entry_rocks, uniq_snorg
Lair:4:   layout_gridlike, basic_altar
Lair:5:   layout_cave_pods, slime_altar_2, st_stairs_12,
          grunt_forest_stairs_clearing, infiniplex_staircase_pool,
          lemuel_fruit_fields, serial_bayou_shore_a
Lair:6:   evilmike_catoblepas_cave, layout_small_grid
Spider:1: layout_spider_delve
Spider:2: layout_spider_delve
Spider:3: cheibrodos_spider_silkery, portal_ice_cave_entry_pillars_four,
          uniq_donald, uniq_nikola
Orc:1:    layout_diamond_mine, serial_shops, shop
Orc:2:    st_orc_mages, layout_caves

Skill      XL: |  1  2  3  4  5  6  7  8  9 10 11 12 13 14 15 16 |
---------------+-------------------------------------------------+-----
Conjurations   | 2 3 4 6 8 9 11 12 | 12.0
Earth Magic    | 1 2 3 4 6 7 9 |  9.3
Spellcasting   | 3 4 7 10 12 | 12.2
Fighting       | 2 3 5 6 8 9 11 12 | 12.4
Fire Magic     | 4 5 6 7 8 |  8.9
Armour         | 2 3 4 7 9 11 12 14 | 14.0
Transmutations | 1 2 3 5 6 |  6.0
Shields        | 4 7 9 11 12 14 | 14.0
Axes           | 2 3 |  3.0
Dodging        | |  1.6
Stealth        | |  2.2

Action                   |  1- 3 |  4- 6 |  7- 9 | 10-12 | 13-15 | 16-18 || total
-------------------------+-------+-------+-------+-------+-------+-------++-------
Melee: Short sword       |    50 |    32 |     5 |     5 |       |       ||    92
       Whip              |       |    17 |   140 |     1 |       |       ||   158
       Punch             |       |     2 |     1 |     1 |       |       ||     4
       Staff             |       |       |       |    29 |     1 |     9 ||    39
       War axe           |       |       |       |   219 |  1110 |   129 ||  1458
       Hand axe          |       |       |       |    11 |    51 |       ||    62
 Cast: Foxfire           |    45 |    43 |   109 |   120 |     1 |       ||   318
       Scorch            |       |    12 |    72 |    45 |       |       ||   129
       Sandblast         |       |       |    26 |    16 |     1 |     4 ||    47
       Stone Arrow       |       |       |    13 |   124 |   131 |    55 ||   323
       Static Discharge  |       |       |     3 |     1 |    13 |       ||    17
       Inner Flame       |       |       |     1 |    17 |    12 |     1 ||    31
       Passwall          |       |       |       |     1 |       |       ||     1
       Fireball          |       |       |       |       |     9 |    68 ||    77
       Iron Shot         |       |       |       |       |     5 |    47 ||    52
       Irradiate         |       |       |       |       |       |    14 ||    14
Evoke: Wand              |       |       |     1 |     8 |     5 |       ||    14
       Condenser vane    |       |       |       |       |     1 |       ||     1
       Phial of floods   |       |       |       |       |       |     1 ||     1
  Use: Scroll            |       |       |    13 |    13 |    11 |     3 ||    40
       Potion            |       |       |       |     4 |     3 |     6 ||    13
 Stab: Sleeping          |     3 |       |     2 |       |     7 |       ||    12
       Betrayed ally     |       |       |       |     1 |       |       ||     1
       Distracted        |       |       |       |       |     1 |       ||     1
Armor: Robe              |    23 |     3 |       |       |       |       ||    26
       Ring mail         |       |    43 |    82 |       |   121 |    10 ||   256
       Steam dragon scal |       |       |    56 |    43 |       |       ||    99
       Acid dragon scale |       |       |       |   213 |   811 |    95 ||  1119
       Leather armour    |       |       |       |       |       |   165 ||   165
Dodge: Dodged            |    46 |    42 |   142 |   256 |   679 |   171 ||  1336
Block: Kite shield       |       |       |       |   217 |  1192 |   311 ||  1720
